 Dungeon Crawl Stone Soup version 0.30-a0-652-gcc886f7154 (webtiles) character file.

Game seed: 5526247588198775105

25964 Dittersdorf the Blocker (level 13, -4/87 HPs)
             Began as a Gargoyle Fighter on Jan 17, 2023.
             Was a High Priest of Okawaru.
             Slain by an orc knight
             ... wielding a +2 glaive
              (12 damage)
             ... on level 2 of the Orcish Mines.
             The game lasted 00:29:48 (15123 turns).

Dittersdorf the Blocker (Gargoyle Fighter)         Turns: 15123, Time: 00:29:49

Health: -4/87      AC: 35    Str: 23    XL:     13   Next: 22%
Magic:  13/13      EV:  6    Int: 11    God:    Okawaru [*****.]
Gold:   2319       SH: 11    Dex:  9    Spells: 12/12 levels left

rFire   + . .      SeeInvis +    a - +1 flail (flame)
rCold   . . .      Faith    .    M - +0 kite shield
rNeg    + . .      Spirit   .    m - +3 plate armour
rPois   ∞          Reflect  .    (no helmet)
rElec   +          Harm     .    F - +0 cloak
rCorr   .          Rampage  .    t - +0 pair of gloves
Will    .....                    I - +2 pair of boots Stlth
                                 A - amulet of regeneration
HPRegen 1.14/turn                q - ring of protection from fire
MPRegen 0.13/turn                C - ring of see invisible

@: no status effects
A: sickness immunity, AC +9, negative energy resistance 1, electricity
resistance, torment resistance 1, petrification resistance
a: Renounce Religion, Heroism, Finesse, Duel


You were on level 2 of the Orcish Mines.
You worshipped Okawaru.
Okawaru was extremely pleased with you.
You visited 3 branches of the dungeon, and saw 13 of its levels.
You also visited: Sewer, Bailey and Volcano.

You collected 2319 gold pieces.

Inventory:

Hand Weapons
 a - a +1 flail of flaming (weapon)
 o - the +5 dagger of the New World {venom, rElec rF+}
   (Okawaru gifted it to you in a volcano)

   rF:        It protects you from fire.
   rElec:     It insulates you from electricity.
Missiles
 G - 12 curare-tipped darts (quivered)
 H - 2 throwing nets
Armour
 m - a +3 plate armour (worn)
 t - a +0 pair of gloves (worn)
 F - a +0 cloak (worn)
 I - a +2 pair of boots (worn)
 M - a +0 kite shield (worn)
Jewellery
 q - a ring of protection from fire (left hand)
 A - an amulet of regeneration (around neck)
 C - a ring of see invisible (right hand)
Wands
 c - a wand of paralysis (19)
 p - a wand of roots (10)
 B - a wand of flame (8)
 L - a wand of mindburst (6)
Scrolls
 e - a scroll of enchant weapon
 i - 8 scrolls of teleportation
 j - 3 scrolls of poison {unknown}
 k - 5 scrolls of noise {unknown}
 l - 2 scrolls of magic mapping
 n - a scroll of torment {unknown}
 s - a scroll of enchant armour {unknown}
 u - 2 scrolls of fear
 v - a scroll of fog
 y - 2 scrolls of butterflies {unknown}
 D - 3 scrolls of vulnerability {unknown}
 J - a scroll of blinking
Potions
 b - 5 potions of curing
 d - 4 potions of might
 f - 9 potions of flight
 g - 6 potions of heal wounds
 h - 4 potions of haste
 r - 4 potions of cancellation
 w - 2 potions of berserk rage
 x - a potion of brilliance
 z - a potion of invisibility
 E - 3 potions of mutation
 K - a potion of ambrosia


   Skills:
 + Level 12.5 Fighting
 + Level 11.4 Maces & Flails
 + Level 12.5 Armour
 + Level 12.6 Shields


You had 12 spell levels left.
You didn't know any spells.
Your spell library contained the following spells:

 Spells                   Type           Power      Damage    Failure   Level
 Beastly Appendage        Tmut           0%         N/A       100%        1
 Foxfire                  Conj/Fire      0%         2x1d4     100%        1
 Freeze                   Ice            0%         1d3       100%        1
 Wereblood                Tmut           0%         N/A       100%        2
 Frozen Ramparts          Ice            0%         1d1       100%        3
 Gell's Gravitas          Tloc           0%         N/A       100%        3
 Hailstorm                Conj/Ice       0%         3d3       100%        3
 Spider Form              Tmut/Pois      0%         N/A       100%        3
 Teleport Other           Tloc           0%         N/A       100%        3
 Fireball                 Conj/Fire      0%         3d3       100%        5
 Dispersal                Tloc           0%         N/A       100%        6
 Starburst                Conj/Fire      0%         6d3       100%        6


Dungeon Overview and Level Annotations

Branches:
Dungeon (10/15)            Temple (1/1) D:6             Orc (2/2) D:10
    Elf (0/3) Orc:2         Sewer (visited)          Bailey (visited)
Volcano (visited)
   Lair: D:8-11

Altars:
Ashenzari
Elyvilon
Fedhas
Hepliaklqana
Nemelex Xobeh
Okawaru
Trog
Uskayaw
Vehumet
Xom
Yredelemnul
The Shining One

Shops:
D:9 (   Orc:1 *   Orc:2 (

Annotations:
D:10 2 transporters, valliere's ghost, journeyman DrTm


Innate Abilities, Weirdness & Mutations

You are immune to sickness and miasma.
Your stone body is resilient. (AC +9)
You are immune to poison.
You resist negative energy. (rN+)
You are resistant to electric shocks. (rElec)
You are resistant to unholy torment.
You are immune to petrification.


Message History

The orc wizard attacks as you move away!
The orc wizard barely misses you.
You hear a shout!
The orc wizard attacks as you move away!
The orc wizard hits you but does no damage.
You feel like a meek peon again.
The orc high priest no longer looks unusually strong.
The orc wizard attacks as you move away!
The orc wizard hits you but does no damage.
The orc high priest invokes the aid of Beogh against you.
The orc wizard easily resists.
You block the orc wizard's attack.
The orc high priest hits you but does no damage.
Things that are here:
a +0 glaive; a +0 plate armour; an orc corpse You thump the orc high priest!
You burn the orc high priest.
The orc high priest is moderately wounded.
You block the orc wizard's attack.
The orc high priest prays to Beogh.
You block the orc warrior's attack.
The orc knight hits you but does no damage.
You barely miss the orc high priest.
The orc high priest is moderately wounded.
You block the orc warrior's attack.
The orc knight hits you but does no damage.
The orc wizard hits you but does no damage.
You block the orc high priest's attack.
You barely miss the orc high priest.
The orc high priest is moderately wounded.
The orc warrior barely misses you.
The orc knight hits you from afar with a +2 glaive!!
* * * LOW HITPOINT WARNING * * *
The orc high priest hits you but does no damage.
You block the orc wizard's attack.
You barely miss the orc high priest.
The orc high priest is moderately wounded.
The orc warrior hits you with a +0 flail!
* * * LOW HITPOINT WARNING * * *
The orc knight hits you from afar with a +2 glaive!
You die...

*,,*,,**,,**..##............#
∩,*,,,,*,,,*#.##............#
,,*,,,,,,,,*#.##............#
,*,,,,,,,,,*#.##...........##
,*,,,,..#####o##...........##
,,,,,,....4o.o.o)...........#
,*,,,,,.#####.##o4)).......##
,*,,,,,,,,,*#.##oo)........##
,,*,,,,,,,,*#.##@o..........#
∩,*,,,,*,,,##.##............#
*.,#,,##,,*#..##.)..........#
*∩.#o##.,,##.###)...........#
*#....oo,##..# #...........##
*#...3o##).## #............#
****#o)3.## #...........##
###### #.......#...#
#####...........##


You could see an orc knight, 2 orc high priests, a red devil (summoned), an orc
warrior and an orc wizard (invisible).

Vanquished Creatures
  Snorg (D:10)
  A fire dragon (Volcano)
  An ogre mage (Orc:2)
  Erica (D:10)
  9 two-headed ogres
  An orc high priest (Orc:2)
  4 lindwurms (Volcano)
  3 orc knights (Orc:2)
  2 orc sorcerers (Orc:2)
  Joseph (D:9)
  3 smoke demons (Volcano)
  Psyche (D:8)
  A komodo dragon (D:10)
  5 trolls
  A hornet (D:7)
  Grinder (D:5)
  Sigmund (D:5)
  A shadow (D:10)
  A wyvern (D:7)
  21 yaks
  9 steam dragons
  A warg (Orc:2)
  3 hell hounds (Volcano)
  An acid dragon (D:9)
  3 black bears
  19 orc warriors
  A sky beast (D:7)
  3 ogres (Orc:2)
  A phantom (D:7)
  A centaur (D:7)
  3 kobold brigands
  A bullfrog (D:7)
  2 gnoll sergeants
  3 scorpions (D:5)
  A wight (D:7)
  8 killer bees
  5 howler monkeys
  10 orc priests
  A gnoll bouda (D:7)
  4 hounds
  2 jellies
  Crazy Yiuf (D:5)
  Jessica (D:2)
  7 iguanas
  Natasha (thrice) (D:1)
  14 orc wizards
  A merfolk avatar (Sewer)
  A merfolk siren (Sewer)
  9 adders
  21 gnolls
  A river rat (Sewer)
  A shadow imp (D:7)
  2 white imps
  An ufetubus (D:6)
  2 worms (D:3)
  2 dart slugs
  52 orcs
  7 ball pythons
  6 bats
  7 endoplasms
  8 giant cockroaches
  7 hobgoblins
  32 kobolds
  7 quokkas
  3 training dummies (D:9)
  5 frilled lizards
  9 goblins
  18 rats
370 creatures vanquished.

Vanquished Creatures (others)
  A shadow imp (D:8)
  6 fungi (D:10)
  5 toadstools (D:10)
12 creatures vanquished.

Grand Total: 382 creatures vanquished

Notes
Turn   | Place    | Note
-------+----------+-------------------------------------------
     0 | D:1      | Dittersdorf the Gargoyle Fighter began the quest for the
                  | Orb.
     0 | D:1      | Reached XP level 1. HP: 14/14 MP: 1/1
   106 | D:1      | Reached XP level 2. HP: 19/19 MP: 2/2
   594 | D:2      | Noticed Natasha
   605 | D:1      | Noticed a crimson imp
   608 | D:1      | Killed Natasha
   609 | D:1      | Reached XP level 3. HP: 21/24 MP: 3/3
   641 | D:1      | Noticed Natasha
   650 | D:1      | Killed Natasha
   651 | D:1      | Reached XP level 4. HP: 21/29 MP: 4/4
   756 | D:1      | Noticed Natasha
   769 | D:1      | Killed Natasha
  1372 | D:2      | Found a hide-covered altar of Uskayaw.
  1374 | D:2      | Noticed Jessica
  1382 | D:2      | Killed Jessica
  1383 | D:2      | Reached XP level 5. HP: 33/33 MP: 5/5
  1817 | D:3      | Identified the +1 ring mail of the Demon Prince {Will+
                  | Str+2}
  2197 | D:3      | You fall into a shaft and drop 1 floor!
  2198 | D:4      | yay!
  2211 | D:4      | Reached XP level 6. HP: 27/39 MP: 6/6
  2321 | D:4      | Found a glowing drain.
  2349 | Sewer    | Entered a sewer
  2768 | D:4      | Reached skill level 5 in Fighting
  2768 | D:4      | Reached skill level 5 in Shields
  2779 | D:4      | Reached skill level 5 in Armour
  2866 | D:4      | Found a broken altar of Ashenzari.
  2866 | D:4      | Found a white marble altar of Elyvilon.
  2915 | D:4      | Reached XP level 7. HP: 44/44 MP: 7/7
  3704 | D:5      | Entered Level 5 of the Dungeon
  3796 | D:5      | Noticed Grinder
  3838 | D:5      | Paralysed by Grinder for 3 turns
  3843 | D:5      | Killed Grinder
  3995 | D:5      | Noticed Sigmund
  4128 | D:5      | Killed Sigmund
  4129 | D:5      | Reached XP level 8. HP: 48/51 MP: 8/8
  4321 | D:5      | Reached skill level 5 in Maces & Flails
  4413 | D:5      | Found a runed translucent door.
  4416 | D:5      | Noticed Crazy Yiuf
  4837 | D:5      | Killed Crazy Yiuf
  5180 | D:6      | Found a staircase to the Ecumenical Temple.
  5184 | Temple   | Entered the Ecumenical Temple
  5221 | Temple   | Became a worshipper of Warmaster Okawaru
  5606 | D:6      | Reached XP level 9. HP: 49/57 MP: 9/9
  5761 | D:7      | Found a blossoming altar of Fedhas.
  5829 | D:7      | Reached * piety under Okawaru
  5833 | D:7      | Found a flagged portal.
  5846 | Bailey   | Entered a bailey
  8841 | D:7      | Found a shimmering altar of Xom.
  8991 | D:6      | Reached ** piety under Okawaru
  9009 | D:6      | Reached XP level 10. HP: 64/64 MP: 10/10
  9525 | D:8      | Reached *** piety under Okawaru
  9760 | D:8      | Noticed Psyche
  9771 | D:8      | Killed Psyche
  9871 | D:8      | Identified the +4 mace "Zavig" {drain, Int+4}
 10227 | D:9      | Noticed a two-headed ogre
 10259 | D:8      | Killed a two-headed ogre
 10259 | D:8      | Reached **** piety under Okawaru
 10260 | D:8      | Reached XP level 11. HP: 40/72 MP: 9/11
 10423 | D:9      | Reached skill level 10 in Shields
 10435 | D:9      | Reached ***** piety under Okawaru
 10435 | D:9      | Received a gift from Okawaru
 10436 | D:9      | Reached skill level 10 in Fighting
 10467 | D:9      | Reached skill level 10 in Armour
 10612 | D:9      | Found Omuisk's Firing Range.
 10842 | D:9      | Noticed Joseph
 10870 | D:9      | Killed Joseph
 11197 | D:10     | Entered Level 10 of the Dungeon
 11266 | D:10     | Found a staircase to the Orcish Mines.
 11372 | D:10     | Found a hide-covered altar of Uskayaw.
 11372 | D:10     | Found a basalt altar of Yredelemnul.
 11429 | D:10     | Noticed Erica
 11439 | D:10     | Killed Erica
 11481 | D:10     | Noticed Snorg
 11499 | D:10     | Killed Snorg
 11695 | D:10     | Identified the +9 war axe "Qato" {freeze, rElec rC- rCorr}
 11857 | D:10     | Found a transporter.
 11863 | D:10     | Noticed valliere's ghost (journeyman DrTm)
 11864 | D:10     | Noticed a moth of wrath
 11866 | D:10     | Noticed a catoblepas
 11883 | D:10     | Found a transporter.
 12197 | Orc:1    | Entered Level 1 of the Orcish Mines
 12253 | Orc:1    | Noticed a two-headed ogre
 12287 | D:10     | Killed a two-headed ogre
 12414 | Orc:1    | Found Lyarch's CLEARANCE SALE!.
 12572 | Orc:2    | Entered Level 2 of the Orcish Mines
 12698 | Orc:2    | Found a dark tunnel.
 12708 | Volcano  | Entered a volcano
 12728 | Volcano  | Reached XP level 12. HP: 79/79 MP: 12/12
 12759 | Volcano  | Identified the +5 dagger of the New World {venom, rElec
                  | rF+} (Okawaru gifted it to you in a volcano)
 12759 | Volcano  | Received a gift from Okawaru
 12807 | Volcano  | Reached skill level 10 in Maces & Flails
 13097 | Volcano  | Found the +2 cloak of the Thief {*Fog Slay-2 SInv Stlth+}
 13097 | Volcano  | Noticed a fire dragon
 13131 | Volcano  | Killed a fire dragon
 13351 | Orc:1    | Noticed a two-headed ogre
 13351 | Orc:1    | Noticed a two-headed ogre
 13353 | Orc:1    | Noticed a two-headed ogre
 13354 | Orc:1    | Noticed a two-headed ogre
 13355 | Orc:1    | Noticed an ogre mage
 13361 | Orc:1    | Noticed a two-headed ogre
 13371 | Orc:2    | Killed a two-headed ogre
 13379 | Orc:2    | Killed a two-headed ogre
 13382 | Orc:2    | HP: 3/80 [orc/+0 club (3)]
 13733 | Orc:1    | Noticed a two-headed ogre
 13741 | Orc:2    | Killed an ogre mage
 13747 | Orc:2    | Killed a two-headed ogre
 13816 | Orc:2    | Killed a two-headed ogre
 13827 | Orc:2    | Killed a two-headed ogre
 13842 | Orc:2    | Killed a two-headed ogre
 14485 | Orc:2    | Found a staircase to the Elven Halls.
 14499 | Orc:2    | Noticed a two-headed ogre
 14514 | Orc:2    | Killed a two-headed ogre
 14515 | Orc:2    | Reached XP level 13. HP: 68/86 MP: 13/13
 14664 | Orc:2    | Received a gift from Okawaru
 14676 | Orc:2    | Found Nunuxy Wife's Weapon Emporium.
 14682 | Orc:2    | HP: 2/87 [orc warrior/+0 glaive (14)]
 15123 | Orc:2    | Slain by an orc knight

Illustrated notes

.. .
.
.##
#..
#.#
#.#
#@#
#.#
#..
#.##
#.#
#.#
...
..#


Turn 2198 on D:4: yay!

Levels and vault maps discovered:
D:1:      tarquinn_simple_flora_water_c, layout_rooms, grunt_decor_junction
D:2:      layout_rooms, basic_altar, uniq_jessica, uniq_natasha
D:3:      layout_loops_ring, fountainhead, minmay_vboxes
D:4:      layout_loops_ring, nicolae_overflow_hidden_temple,
          gup_sewer_entry_pipe, minmay_diced_spiral
D:5:      layout_loops_ring, uniq_grinder, uniq_sigmund, uniq_crazy_yiuf_cottage
D:6:      layout_rooms, minmay_temple_entry_glassed_door,
          kennysheep_another_room
D:7:      layout_basic, mainiacjoe_overflow_catch_the_wave, enter_bailey_2,
          st_stairs_10
D:8:      layout_loops_ring, uniq_psyche
D:9:      layout_basic, nicolae_shop_firing_range, uniq_joseph
D:10:     layout_loops_ring, gammafunk_temple_overflow_wave, orc_0_dummy,
          gammafunk_ghost_berserking_beasts, serial_rivers,
          chequers_serial_rivers_room_b, chequers_serial_rivers_room_b,
          chequers_serial_rivers_small_a, chequers_serial_rivers_large_a,
          chequers_serial_rivers_micro_c, minmay_gold_behind_fungi,
          hangedman_decor_clover_reticule, uniq_erica, uniq_snorg
Temple:   bh_familiar_temple
Orc:1:    layout_caves, nicolae_shop_clearance
Orc:2:    st_orc_elflike, layout_diamond_mine, enter_volcano_1

Skill      XL: |  1  2  3  4  5  6  7  8  9 10 11 12 |
---------------+-------------------------------------+-----
Fighting       | 4 5 7 8 9 10 12 | 12.5
Armour         | 4 5 7 8 9 10 12 | 12.5
Shields        | 4 5 7 8 9 11 12 | 12.6
Maces & Flails | 3 4 5 7 8 9 11 | 11.4

Action                   |  1- 3 |  4- 6 |  7- 9 | 10-12 | 13-15 || total
-------------------------+-------+-------+-------+-------+-------++-------
Melee: Flail             |    71 |   294 |   371 |   879 |   140 ||  1755
Throw: Dart              |       |       |     5 |     7 |       ||    12
Invok: Heroism           |       |       |     1 |    12 |     6 ||    19
       Finesse           |       |       |       |     1 |       ||     1
  Use: Scroll            |       |     6 |     7 |     8 |     1 ||    22
Armor: Scale mail        |    11 |       |       |       |       ||    11
       Chain mail        |    32 |    54 |       |       |       ||    86
       Ring mail         |       |   118 |   165 |    43 |       ||   326
       Plate armour      |       |       |       |   822 |    68 ||   890
Dodge: Dodged            |    31 |   116 |   149 |   271 |    21 ||   588
Block: Buckler           |     9 |    14 |       |       |       ||    23
       Kite shield       |       |   136 |   181 |   712 |    87 ||  1116

Table legend: (Time is in decaauts)
 A = Elapsed time spent in this place.
 B = Non-inter-level travel time spent in this place.
 C = Inter-level travel time spent in this place.
 D = Time resting spent in this place.
 E = Time spent auto-exploring this place.
 F = Levels seen in this place.
 G = Mean time per level.
                   A        B        C        D        E       F      G
               +--------+--------+--------+--------+--------+-----+--------+
         Total |  15463 |  14933 |    530 |   3874 |   6568 |  16 |  966.4 |
       Dungeon |   9130 |   8681 |    449 |    549 |   5624 |  10 |  913.0 |
        Temple |     79 |     63 |     16 |     22 |     32 |   1 |   79.0 |
  Orcish Mines |   2252 |   2187 |     65 |    512 |    621 |   2 | 1126.0 |
         Sewer |    468 |    468 |      0 |      0 |    223 |   1 |  468.0 |
        Bailey |   2989 |   2989 |      0 |   2639 |      0 |   1 | 2989.0 |
       Volcano |    544 |    544 |      0 |    152 |     68 |   1 |  544.0 |
               +--------+--------+--------+--------+--------+-----+--------+

Top non-repeatable levels by time:
  Bailey: 2989 daAuts
   Orc:2: 1601 daAuts
     D:5: 1261 daAuts
     D:1: 1167 daAuts
    D:10: 1101 daAuts
     D:4: 1074 daAuts
     D:8: 914 daAuts
     D:9: 824 daAuts
     D:3: 824 daAuts
     D:6: 772 daAuts
     D:7: 715 daAuts
   Orc:1: 651 daAuts
 Volcano: 544 daAuts
     D:2: 474 daAuts
   Sewer: 468 daAuts
